 Dungeon Crawl Stone Soup version 0.28.0 (webtiles) character file.

Game seed: 10649968408727542840

5635 pkoi the Destroyer (level 10, -3/69 HPs)
             Began as a Purple Draconian Conjurer on Feb 11, 2022.
             Was a Follower of Sif Muna.
             Slain by an orc warrior (9 damage)
             ... on level 9 of the Dungeon.
             The game lasted 00:16:06 (13014 turns).

pkoi the Destroyer (Purple Draconian Conjurer)     Turns: 13014, Time: 00:16:06

Health: -3/69      AC:  8    Str:  9    XL:     10   Next: 46%
Magic:  15/19      EV: 12    Int: 23    God:    Sif Muna [*.....]
Gold:   418        SH:  0    Dex: 10    Spells: 2/21 levels left

rFire   . . .      SeeInvis .   j - staff of conjuration
rCold   . . .      Faith    .   (no shield)
rNeg    . . .      Spirit   .   (armour unavailable)
rPois   .          Reflect  .   (helmet restricted)
rElec   .          Harm     .   g - +1 cloak
rCorr   .          Rampage  .   (no gloves)
Will    +....                   q - +2 pair of boots
Stlth   ++........              (no amulet)
HPRegen 0.21/turn               (no ring)
MPRegen 0.16/turn               (no ring)

@: corroded, very slightly contaminated
A: breathe power, AC +7, unfitting armour, cold-blooded
a: Breathe Dispelling Energy, Renounce Religion, Channel Magic


You were on level 9 of the Dungeon.
You worshipped Sif Muna.
Sif Muna was aware of your devotion.
You visited 2 branches of the dungeon, and saw 10 of its levels.

You collected 418 gold pieces.

Inventory:

Hand Weapons
 a - a +1 spear
 i - a +1 vampiric dagger
 p - a +0 whip of freezing
Missiles
 f - a throwing net
Armour
 g - a +1 cloak (worn)
 q - a +2 pair of boots (worn)
Magical Staves
 j - a staff of conjuration (weapon)
Wands
 d - a wand of iceblast (7)
 h - a wand of flame (23)
 k - a wand of paralysis (7)
Scrolls
 c - 3 scrolls of summoning
 n - a scroll of teleportation
 o - a scroll of holy word
 t - a scroll of identify
Potions
 b - a potion of might
 e - a potion of invisibility
 l - a potion of haste
 m - 4 potions of curing {unknown}
 r - a potion of ambrosia
 s - 3 potions of heal wounds {unknown}


   Skills:
 - Level 1.7 Dodging
 - Level 1.7 Stealth
 - Level 6.0 Spellcasting
 + Level 10.9 Conjurations
 - Level 7.0 Hexes
 + Level 6.4 Translocations
 + Level 2.8 Fire Magic
 + Level 5.4 Invocations


You had 2 spell levels left.
You knew the following spells:

 Your Spells              Type           Power      Damage    Failure   Level
a - Magic Dart            Conj           100%       1d8       1%          1
b - Searing Ray           Conj           100%       2d8       1%          2
c - Iskenderun's Mystic   Conj/Tloc      63%        2d13      2%          4
d - Fulminant Prism       Conj/Hex       32%        3d16      2%          4
e - Dazzling Flash        Conj/Hex       100%       N/A       1%          3
f - Flame Wave            Conj/Fire      55%        2d11      4%          4
g - Apportation           Tloc           72%        N/A       1%          1

Your spell library contained the following spells:

 Spells                   Type           Power      Damage    Failure   Level
 Slow                     Hex            100%       N/A       1%          1
 Ensorcelled Hibernation  Hex/Ice        46%        N/A       3%          2
 Scorch                   Fire           38%        2d6       4%          2
 Animate Skeleton         Necr           12%        N/A       9%          1
 Summon Small Mammal      Summ           24%        N/A       9%          1
 Call Imp                 Summ           6%         N/A       13%         2
 Passwall                 Tmut/Erth      5%         N/A       13%         2
 Confusing Touch          Hex            39%        N/A       1%          3
 Mephitic Cloud           Conj/Pois/Air  35%        N/A       6%          3
 Frozen Ramparts          Ice            12%        1d3       26%         3
 Swiftness                Air            6%         N/A       26%         3
 Vampiric Draining        Necr           6%         2d6       26%         3
 Ice Form                 Ice/Tmut       6%         N/A       63%         4
 Summon Ice Beast         Ice/Summ       6%         N/A       63%         4
 Summon Cactus Giant      Summ           3%         N/A       100%        6


Dungeon Overview and Level Annotations

Branches:
Dungeon (9/15)             Temple (1/1) D:6            Lair (0/6) D:8
    Orc: D:9-12

Altars:
Ashenzari
Cheibriados
Dithmenos
Elyvilon
Fedhas
Gozag
Hepliaklqana
Kikubaaqudgha
Makhleb
Nemelex Xobeh
Okawaru
Qazlal
Ru
Sif Muna
Trog
Uskayaw
Vehumet
Wu Jian
Xom
Yredelemnul
Zin

Shops:
D:2 =

Annotations:
D:8 3 runed translucent doors, AlmostDecent's ghost, novice GnEE


Innate Abilities, Weirdness & Mutations

You can breathe bolts of dispelling energy.
Your rich purple scales are hard. (AC +7)
You cannot fit into any form of body armour.
You are cold-blooded and may be slowed by cold attacks.


Message History

Level annotation: 3 runed translucent doors, AlmostDecent's ghost, novice GnEE
There is a stone staircase leading down here.
Unknown command.
Unknown command.
Casting: Flame Wave (dangerous; 5% risk of failure)
Confirm with . or Enter, or press ? or * to list all spells.
Casting: Flame Wave (dangerous; 5% risk of failure)
Press: ? - help, Dir - look around, f - activate You feel a surge of power!
A wave of flame ripples out!
The flame wave engulfs the wight!
You destroy the wight!
Sif Muna accepts your kill. (Press . to intensify the flame waves.)
You start resting.
Magic restored.
You start resting.
You start resting.
You start resting.
HP restored.
You climb downwards.
There is a stone staircase leading up, spattered with blood here.
Casting: Flame Wave (dangerous; 4% risk of failure)
Confirm with . or Enter, or press ? or * to list all spells.
Casting: Flame Wave (dangerous; 4% risk of failure)
Press: ? - help, Dir - look around, f - activate You feel a surge of power!
You miscast Flame Wave.
You are very lightly contaminated with residual magic.
Strange energies run through your body. The acid dragon spits acid at you.
The splash of acid hits you!!
* * * LOW HITPOINT WARNING * * *
The acid corrodes you!
The orc warrior hits you from afar with a +0 glaive!!
* * * LOW HITPOINT WARNING * * *
The orc warrior hits you from afar with a +0 glaive!
* * * LOW HITPOINT WARNING * * *
The orc warrior hits you from afar with a +0 glaive!
* * * LOW HITPOINT WARNING * * *
The orc warrior hits you from afar with a +0 glaive!
You die...

#.... ...
....#####..##
# ......#....#
#.#.......[...
...........#
#.....[...##
##....[(....
#..[@).D....
#.....#....#
#..o### .##
##.# #. ##


You could see an orc warrior and an acid dragon.

Vanquished Creatures
  A two-headed ogre (D:8)
  Pikel (D:4)
  An elephant (D:8)
  Maggie (D:6)
  Grinder (D:4)
  A wraith (D:5)
  A yak (D:8)
  Eustachio (D:6)
  Sigmund (D:3)
  2 water moccasins (D:6)
  Duvessa (D:6)
  A hornet zombie (D:8)
  2 ice beasts
  3 orc warriors
  4 black bears
  A necrophage (D:6)
  2 ogres
  2 centaurs (D:8)
  4 lemures (D:4)
  Blork the orc (D:6)
  A scorpion (D:7)
  Dowan (D:6)
  2 howler monkeys
  11 wights
  2 centaur zombies (D:8)
  2 hounds (D:5)
  A bullfrog zombie (D:5)
  A centaur skeleton (D:7)
  3 orc priests
  Crazy Yiuf (D:7)
  2 iguanas (D:5)
  10 orc wizards
  2 hound skeletons
  Robin (D:2)
  4 adders
  5 white imps
  2 ufetubi (D:5)
  A worm (D:2)
  2 dart slugs
  27 orcs
  6 ball pythons
  5 endoplasms
  4 giant cockroaches
  18 goblins
  12 hobgoblins
  4 quokkas
  7 bats
  4 frilled lizards
  3 kobolds
  4 rats
180 creatures vanquished.

Vanquished Creatures (others)
  5 fulminant prisms
  A fungus (D:8)
6 creatures vanquished.

Grand Total: 186 creatures vanquished

Notes
Turn   | Place    | Note
-------+----------+-------------------------------------------
     0 | D:1      | pkoi the Draconian Conjurer began the quest for the Orb.
     0 | D:1      | Reached XP level 1. HP: 14/14 MP: 3/3
   330 | D:1      | Reached XP level 2. HP: 20/20 MP: 0/5
  1243 | D:2      | Found Vumos's Jewellery Shop.
  1245 | D:2      | Reached XP level 3. HP: 26/26 MP: 4/6
  1624 | D:2      | Reached skill level 5 in Conjurations
  1692 | D:2      | Noticed Robin
  1705 | D:1      | Learned a level 2 spell: Searing Ray
  2133 | D:2      | Reached XP level 4. HP: 33/33 MP: 1/8
  2526 | D:2      | Killed Robin
  3017 | D:3      | Noticed Sigmund
  3047 | D:3      | Killed Sigmund
  3048 | D:3      | Reached skill level 6 in Conjurations
  3048 | D:3      | Reached XP level 5. HP: 21/38 MP: 1/10
  3448 | D:3      | Noticed an ogre
  3455 | D:3      | Killed an ogre
  3456 | D:3      | Reached XP level 6. HP: 34/45 MP: 2/11
  3743 | D:3      | Learned a level 4 spell: Iskenderun's Mystic Blast
  4553 | D:4      | Noticed Grinder
  4607 | D:4      | Paralysed by Grinder for 2 turns
  4745 | D:4      | Noticed Pikel
  4906 | D:4      | Killed Grinder
  4907 | D:4      | Reached skill level 7 in Conjurations
  4907 | D:4      | Your scales start taking on a rich purple colour.
  4907 | D:4      | Reached skill level 5 in Spellcasting
  4907 | D:4      | Reached XP level 7. HP: 50/50 MP: 5/15
  5078 | D:4      | Learned a level 4 spell: Fulminant Prism
  5641 | D:4      | Killed Pikel
  5642 | D:4      | Reached skill level 8 in Conjurations
  5642 | D:4      | Reached XP level 8. HP: 42/57 MP: 4/17
  5733 | D:5      | Entered Level 5 of the Dungeon
  6518 | D:5      | Reached skill level 9 in Conjurations
  6834 | D:6      | You fall into a shaft and drop 2 floors!
  7226 | D:6      | Found a staircase to the Ecumenical Temple.
  7251 | Temple   | Entered the Ecumenical Temple
  7382 | Temple   | Became a worshipper of Sif Muna the Loreminder
  7421 | D:6      | Noticed Blork the orc
  7431 | D:6      | Killed Blork the orc
  7519 | D:6      | Reached XP level 9. HP: 62/62 MP: 6/18
  7601 | D:6      | Noticed Maggie
  7608 | D:6      | Reached skill level 1 in Invocations
  7654 | D:6      | Killed Maggie
  7941 | D:6      | Noticed Eustachio
  7950 | D:6      | Killed Eustachio
  7951 | D:6      | Reached skill level 5 in Hexes
  8341 | D:6      | Noticed Duvessa
  8341 | D:6      | Noticed Dowan
  8351 | D:6      | Killed Dowan
  8352 | D:6      | Reached skill level 10 in Conjurations
  8355 | D:6      | Killed Duvessa
  8834 | D:6      | Reached skill level 5 in Translocations
  9687 | D:7      | Reached * piety under Sif Muna
  9795 | D:7      | Found a runed translucent door.
  9796 | D:7      | Noticed Crazy Yiuf
 10509 | D:7      | Killed Crazy Yiuf
 10584 | D:7      | Learned a level 3 spell: Dazzling Flash
 10589 | D:7      | Learned a level 4 spell: Flame Wave
 10873 | D:8      | Learned a level 1 spell: Apportation
 11022 | D:8      | Found a staircase to the Lair.
 11022 | D:8      | Noticed an elephant
 11033 | D:8      | Reached XP level 10. HP: 69/69 MP: 13/19
 11084 | D:8      | Reached skill level 1 in Fire Magic
 11609 | D:8      | Found a runed translucent gate.
 11609 | D:8      | Found a runed translucent gate.
 11609 | D:8      | Found a runed translucent gate.
 11610 | D:8      | Noticed AlmostDecent's ghost (novice GnEE)
 11771 | D:9      | Noticed a two-headed ogre
 12126 | D:8      | Killed an elephant
 12127 | D:8      | Reached skill level 5 in Invocations
 12578 | D:8      | Killed a two-headed ogre
 13014 | D:9      | Slain by an orc warrior

Illustrated notes

Levels and vault maps discovered:
D:1:      scummos_arrival_simple_fountains, layout_basic
D:2:      layout_basic, serial_shops, nicolae_shop_hallway_stairs,
          minmay_tromino_v4_b, uniq_robin
D:3:      layout_loops_ring, minmay_crystal_room, grunt_ministairs_15,
          uniq_sigmund
D:4:      layout_basic, lightli_ossuary_entry_decrepit_ruins,
          serial_corexii_hall, corexii_hall_statues_i,
          chequers_hall_statues_corner_a, uniq_grinder, uniq_pikel
D:5:      layout_rooms, minmay_circle_x
D:6:      layout_loops_cross, minmay_temple_entry_glass, uniq_eustachio,
          uniq_maggie, uniq_blork_the_orc, uniq_duvessa
D:7:      layout_basic, uniq_crazy_yiuf_cottage
D:8:      layout_cave_pools, david_lair_generic, gammafunk_ghost_nasty_kobolds
D:9:      layout_cave_pools, uniq_psyche
Temple:   kilobyte_greek_temple

Skill      XL: |  1  2  3  4  5  6  7  8  9 10 |
---------------+-------------------------------+-----
Conjurations   | 5 6 7 8 9 10 | 10.9
Spellcasting   | 3 5 6 |  6.0
Hexes          | 2 4 6 7 |  7.0
Translocations | 2 4 5 6 |  6.4
Invocations    | 4 5 |  5.4
Fire Magic     | 2 |  2.8
Dodging        | |  1.7
Stealth        | |  1.7

Action                   |  1- 3 |  4- 6 |  7- 9 | 10-12 || total
-------------------------+-------+-------+-------+-------++-------
Melee: Spear             |    30 |    24 |       |       ||    54
       Tailslap          |     3 |       |       |     2 ||     5
       Dagger            |       |     2 |     5 |       ||     7
       Staff             |       |       |     3 |     5 ||     8
       Punch             |       |       |       |     1 ||     1
 Cast: Magic Dart        |    82 |    50 |    69 |    28 ||   229
       Searing Ray       |       |    14 |    61 |    17 ||    92
       Fulminant Prism   |       |       |       |     5 ||     5
       Iskenderun's Myst |       |       |       |     4 ||     4
       Flame Wave        |       |       |       |     2 ||     2
 Abil: Breathe Dispellin |       |       |       |     1 ||     1
  Use: Scroll            |       |     6 |     9 |       ||    15
Armor: Skin              |     8 |    14 |    36 |    42 ||   100
Dodge: Dodged            |    16 |    38 |    65 |    29 ||   148
